 Dungeon Crawl Stone Soup version 0.19.4-8-ga85b6b9 (webtiles) character file.

318 Mefis the Magician (level 6, -1/32 HPs)
             Began as a Deep Elf Wizard on Feb 10, 2017.
             Slain by a howler monkey (2 damage)
             ... on level 5 of the Dungeon.
             The game lasted 00:09:41 (4077 turns).

Mefis the Magician (Deep Elf Wizard)                Turns: 4077, Time: 00:09:41

Health: -1/32      AC:  6    Str:  4    XL:     6   Next: 21%
Magic:  2/17       EV: 13    Int: 25    God:
Gold:   241        SH:  0    Dex: 13    Spells: 7 memorised, 2 levels left

rFire  . . .     SeeInvis +     o - +2 scythe (freeze)
rCold  . . .     Gourm    .     a - +0 robe
rNeg   . . .     Faith    .     (shield currently unavailable)
rPois  .         Spirit   .     w - +2 helmet {SInv}
rElec  .         Reflect  .     (no cloak)
rCorr  .         Harm     .     p - +0 pair of gloves
MR     .....                    (no boots)
Stlth  +++.......               (no amulet)
                                (no ring)
                                (no ring)

@: very slightly contaminated, repel missiles
A: no striking features
a: no special abilities


You were on level 5 of the Dungeon.
You were not hungry.

You visited 1 branch of the dungeon, and saw 4 of its levels.

You collected 241 gold pieces.

Inventory:

Hand Weapons
 g - a +0 club
 j - a +0 dagger
 o - a +2 scythe of freezing (weapon)
Missiles
 k - 63 sling bullets
 v - 2 needles of paralysis
 x - 30 poisoned needles
Armour
 a - a +0 robe (worn)
 b - a +0 hat
 p - a +0 pair of gloves (worn)
 w - a +2 helmet of see invisible (worn)
Jewellery
 l - an uncursed ring of resist corrosion {unknown}
Scrolls
 e - 2 scrolls of enchant armour {unknown}
 f - a scroll of recharging {unknown}
 i - a scroll of immolation {unknown}
 m - 4 scrolls of teleportation {unknown}
 n - a scroll of fear {unknown}
 q - 2 scrolls of blinking {unknown}
 r - 3 scrolls of identify {unknown}
 u - 2 scrolls of remove curse {unknown}
Potions
 s - a potion of haste {unknown}
 B - a potion of might {unknown}
 C - a potion of mutation {unknown}
Books
 c - a book of Minor Magic

   Spells                             Type                      Level
   a - Magic Dart                     Conjuration                  1
   b - Blink                          Translocation                2
   c - Call Imp                       Summoning                    2
   d - Repel Missiles                 Charms/Air                   2
   e - Slow                           Hexes                        2
   f - Conjure Flame                  Conjuration/Fire             3
   g - Mephitic Cloud                 Conjuration/Poison/Air       3
Comestibles
 d - 3 bread rations
 h - 2 royal jellies
 t - a meat ration
 z - 2 chunks of flesh
 A - a beef jerky


   Skills:
 + Level 3.4 Dodging
 + Level 4.2 Stealth
 * Level 6.2 Spellcasting
 + Level 2.8 Conjurations
 + Level 1.8 Hexes
 - Level 1.1 Summonings
 - Level 1.1 Translocations
 + Level 2.0 Air Magic
 + Level 1.4 Poison Magic


You had 2 spell levels left.
You knew the following spells:

 Your Spells              Type           Power        Failure   Level  Hunger
a - Magic Dart            Conj           ###.         2%          1    None
b - Call Imp              Summ           ##......     10%         2    None
c - Blink                 Tloc           N/A          10%         2    None
d - Repel Missiles        Chrm/Air       ##....       10%         2    None
e - Mephitic Cloud        Conj/Pois/Air  ###.....     12%         3    None
f - Conjure Flame         Conj/Fire      ##......     14%         3    None
g - Slow                  Hex            ###.....     8%          2    None


Dungeon Overview and Level Annotations

Branches:
Dungeon (5/15)
 Temple: D:4-7

Altars:
Gozag
Nemelex Xobeh

Annotations:
D:3 1 runed door
D:5 Dowan, Duvessa


Message History

You are very lightly contaminated with residual magic.
Nothing appears to happen.
A gnoll comes into view. It is wielding a spear.
The howler monkey hoots and howls with incredible vigour!
The gnoll hits you with a flail.
The gnoll shouts!
The gnoll hits you but does no damage. The gnoll hits you with a flail.
You see here 12 stones.
The gnoll closely misses you. The gnoll hits you with a spear!
* * * LOW HITPOINT WARNING * * *
The gnoll hits you but does no damage.
Dowan mumbles some strange words.
Dowan blinks!
The howler monkey hits you but does no damage.
You hear the quick rusting of a drain.
Dowan smirks and points a slender finger.
Dowan says, "Stay away from my face!"
The howler monkey hits you.
You die...

.. .. ._
########## ..
#......... ..
#..>...... ..
###.@# .. #.sh.#
#.. #.g###
#####.. ..
#g.#.######...#..
..
#..#....)[#.#.#h#
..
#e.#.####)#l#h#.#
#..#.#
#.#.#s#.####
#..###
#.#e#.#....# #.l#
#.#.#l..e..#


You could see Dowan, a howler monkey, 2 gnolls and a giant cockroach.

Vanquished Creatures
  An orc priest (D:5)
  An orc wizard (D:5)
  Natasha (twice) (D:2)
  An adder (D:2)
  An adder zombie (D:5)
  2 adder skeletons
  2 dart slugs
  2 leopard geckos
  9 orcs
  2 ball pythons (D:3)
  2 giant cockroaches
  6 goblins
  4 hobgoblins
  8 jackals
  2 kobolds (D:2)
  7 bats
  3 frilled lizards
  A jackal zombie (D:3)
  7 rats
63 creatures vanquished.

Vanquished Creatures (collateral kills)
  Sigmund (D:1)
  An orc priest (D:5)
  2 orcs (D:5)
4 creatures vanquished.

Grand Total: 67 creatures vanquished

Notes
Turn   | Place    | Note
-------+----------+-------------------------------------------
     0 | D:1      | Mefis the Deep Elf Wizard began the quest for the Orb.
     0 | D:1      | Reached XP level 1. HP: 10/10 MP: 7/7
   220 | D:1      | Reached XP level 2. HP: 15/15 MP: 5/9
   224 | D:1      | Learned a level 2 spell: Call Imp
   227 | D:1      | Learned a level 2 spell: Blink
   230 | D:1      | Learned a level 2 spell: Repel Missiles
  1366 | D:2      | Noticed Sigmund
  1381 | D:1      | Killed Sigmund
  1381 | D:1      | Reached skill level 5 in Spellcasting
  1381 | D:1      | Reached skill level 1 in Air Magic
  1381 | D:1      | Reached XP level 3. HP: 16/19 MP: 1/12
  1381 | D:1      | Reached XP level 4. HP: 20/24 MP: 1/13
  1547 | D:2      | Noticed Natasha
  1553 | D:2      | Learned a level 3 spell: Mephitic Cloud
  1557 | D:2      | Learned a level 3 spell: Conjure Flame
  1896 | D:2      | Reached XP level 5. HP: 28/28 MP: 9/15
  1901 | D:2      | Learned a level 2 spell: Slow
  2097 | D:2      | Killed Natasha
  2138 | D:2      | Noticed Natasha
  2153 | D:2      | Killed Natasha
  2153 | D:2      | Reached skill level 1 in Poison Magic
  2669 | D:2      | Reached skill level 1 in Hexes
  3050 | D:3      | Found a sparkling altar of Nemelex Xobeh.
  3559 | D:3      | Found a runed door.
  3645 | D:3      | You fall through a shaft for 2 floors!
  3645 | D:5      | Entered Level 5 of the Dungeon
  3645 | D:5      | Found an opulent altar of Gozag.
  3645 | D:5      | Noticed Duvessa
  3645 | D:5      | Noticed Dowan
  3776 | D:5      | Reached skill level 6 in Spellcasting
  3792 | D:5      | Reached XP level 6. HP: 16/32 MP: 1/17
  4070 | D:5      | HP: 1/32 [gnoll/spear (9)]
  4077 | D:5      | Slain by a howler monkey

Skill      XL: |  1  2  3  4  5 |
---------------+----------------+-----
Dodging        | 3 |  3.4
Stealth        | 3 4 |  4.2
Spellcasting   | 5 6 |  6.2
Conjurations   | 2 |  2.8
Air Magic      | 1 2 |  2.0
Poison Magic   | 1 |  1.4
Hexes          | 1 |  1.8
Summonings     | |  1.1
Translocations | |  1.1

Action                   |  1- 3 |  4- 6 || total
-------------------------+-------+-------++-------
Melee: Dagger            |    30 |       ||    30
       Scythe            |       |    30 ||    30
 Cast: Magic Dart        |    46 |   115 ||   161
       Call Imp          |     2 |     7 ||     9
       Blink             |     1 |     3 ||     4
       Repel Missiles    |     1 |     1 ||     2
       Mephitic Cloud    |       |    10 ||    10
       Conjure Flame     |       |     2 ||     2
 Stab: Sleeping          |     1 |       ||     1
  Eat: Chunk             |     1 |     9 ||    10
Armor: Robe              |     8 |    12 ||    20
Dodge: Dodged            |    14 |    47 ||    61
       Deflected         |     1 |     2 ||     3
